Unix NetHack Version 3.7.0-94 Work-in-progress - last build Dec 18 2023 00:11:04 (7e3deff068b9ef4f2ebb9a71ea0f5c4a3b578a14,branch:master). Game began 2023-12-24 19:09:37, ended 2023-12-24 19:34:17. elenmirie, neutral female human Tourist ---------- |.......{| |........-# |....>...|# |........|# ----.-----# # # # # # # Y ## # #@# ## # # ##### # [# # --.-------- #------|-- |...<.....| #|.......| |.........| #|.......| |..*......| #|.......| |.........| #-......(| |.........| --------- ----------- Elenmirie the Sightseer St:13 Dx:14 Co:15 In:11 Wi:10 Ch:14 Neutral Dlvl:7 $:73 HP:0(38) Pw:18(18) AC:10 Xp:5/182 T:3155 Latest messages: You swap places with the peaceful pony. It bites the pony. It misses the pony. You hear some noises. You hear some noises in the distance. You find a hidden door. The door opens. The dwarf wields a broad short sword! You hit the dwarf. In what direction? k The dart misses the dwarf. In what direction? k The dart hits the dwarf. In what direction? k You kill the dwarf! a - 3 blessed +2 darts (at the ready) (27 in total). $ - 3 gold pieces (73 in total). There are several more objects here. There is a dwarf corpse here; eat it? [ynq] (n) y This dwarf corpse is tough. You finish eating the dwarf corpse. The ape hits! The ape hits again! The ape bites! In what direction? u The dart hits the ape. The ape hits! The ape hits again! The ape bites! In what direction? u The dart hits the ape. The ape hits! The ape hits again! The ape bites! In what direction? u The dart hits the ape. The ape hits! The ape hits again! The ape bites! In what direction? u The dart hits the ape. The ape hits! The ape hits again! The ape bites! You die... Do you want your possessions identified? [ynq] (y) y Do you want to see your attributes? [ynq] (y) y Do you want an account of creatures vanquished? [ynaq] (y) y Do you want to see your conduct and achievements? [ynq] (y) y Do you want to see the dungeon overview? [ynq] (y) y Inventory: Coins $ - 73 gold pieces Weapons a - 23 blessed +2 darts (at the ready) y - an uncursed +0 orcish dagger (weapon in right hand) Armor j - an uncursed +0 Hawaiian shirt with a ukulele motif (being worn) o - an uncursed +0 leather armor Comestibles C - 3 uncursed tripe rations Spellbooks O - a cursed spellbook of magic missile Potions P - an uncursed potion of confusion M - 4 uncursed potions of healing G - an uncursed potion of invisibility Wands q - an uncursed wand of cold (0:4) R - an uncursed wand of undead turning (0:6) Tools w - an uncursed bag of holding containing 10 items N - an empty uncursed bag of holding H - an uncursed bag of tricks (0:18) x - an uncursed blindfold e - an uncursed credit card k - an uncursed expensive camera (0:97) Contents of the bag of holding: 195 gold pieces an uncursed scroll of create monster 2 uncursed scrolls of enchant armor 4 uncursed scrolls of magic mapping an uncursed spellbook of cure sickness an uncursed spellbook of magic missile an uncursed potion of extra healing an uncursed potion of gain ability an uncursed potion of gain energy an uncursed potion of speed Elenmirie the Tourist's attributes: Background: You were a Sightseer, a level 5 female human Tourist. You were neutral, on a mission for The Lady who was opposed by Blind Io (lawful) and Offler (chaotic). You were right-handed. You were in the Dungeons of Doom, on level 7. You entered the dungeon 3155 turns ago. You had 182 experience points, 138 more were needed to attain level 6. Basics: You had 0 out of 38 hit points. You had all 18 energy points (spell power). Your armor class was 10. Your wallet contained 73 zorkmids, and you had 195 more stashed away in your pack. Autopickup was on for '$' plus thrown. Final Characteristics: Your strength was 13 (limit:18/100). Your dexterity was 14 (limit:18). Your constitution was 15 (limit:18). Your intelligence was 11 (limit:18). Your wisdom was 10 (limit:18). Your charisma was 14 (limit:18). Final Status: You weren't hungry. You were unencumbered. You were wielding a dagger. You had basic skill with dagger. Final Attributes: You were piously aligned. You are dead. Miscellaneous: You never encountered a bones level. Total elapsed playing time was 24 minutes and 38 seconds. Major events: Turn 1: elenmirie the neutral female human Tourist entered the dungeon 664: attained the rank of Sightseer (level 3) 1394: entered the Gnomish Mines 3155: killed by an ape Vanquished creatures: a ghost a dingo a pony a shrieker a violet fungus a giant ant 2 floating eyes a kitten a dwarf 2 rothes 2 orc zombies a wererat 3 iguanas an acid blob 2 coyotes 2 gas spores a large kobold a hobgoblin a giant rat a cave spider a gnome 2 geckos 3 jackals a fox 2 kobolds 3 goblins 5 grid bugs 2 bats 4 lichens 5 newts 55 creatures vanquished. No species were genocided or became extinct. Voluntary challenges: You read items or engraved 2 times. You never engraved Elbereth. You never genocided any monsters. You never polymorphed an object. You never changed form. You used no wishes. Achievements: You entered a shop. You attained the rank of Sightseer. You entered the Gnomish Mines. The Dungeons of Doom: levels 1 to 7 Level 1: Level 2: A general store. Level 3: Stairs down to The Gnomish Mines. Level 4: An altar, a fountain. Level 5: Level 6: Some fountains, a sink. Level 7: <- You were here. A fountain. Final resting place for you, killed by an ape. The Gnomish Mines: Level 4: Game over: ---------- / \ / REST \ / IN \ / PEACE \ / \ | elenmirie | | 268 Au | | killed by an ape | | | | | | | | 2023 | *| * * * | * _________)/\\_//(\/(/\)/\//\/|_)_______ Aloha elenmirie the Tourist... You died in The Dungeons of Doom on dungeon level 7 with 1787 points, and 268 pieces of gold, after 3155 moves. You were level 5 with a maximum of 38 hit points when you died.